 Dungeon Crawl Stone Soup version 0.29.1-15-g9cfb28693d (webtiles) character file.

Game seed: 18271301401337478906

49 Renzlar the Shield-Bearer (level 3, 0/35 HPs)
             Began as a Gnoll Fighter on Mar 12, 2023.
             Slain by Natasha (5 damage)
             ... on level 2 of the Dungeon.
             The game lasted 00:03:37 (1791 turns).

Renzlar the Shield-Bearer (Gnoll Fighter)           Turns: 1791, Time: 00:03:38

Health: 0/35       AC: 12    Str: 17    XL:     3   Next: 75%
Magic:  4/4        EV:  5    Int:  7    God:
Gold:   81         SH:  5    Dex: 11    Spells: 4/4 levels left

rFire   . . .      SeeInvis .   a - +1 war axe
rCold   . . .      Faith    .   f - +0 buckler
rNeg    . . .      Spirit   .   e - +0 plate armour
rPois   .          Reflect  .   (no helmet)
rElec   .          Harm     .   (no cloak)
rCorr   .          Rampage  .   (no gloves)
Will    .....                   (no boots)
Stlth   ..........              (no amulet)
HPRegen 0.11/turn               (no ring)
MPRegen 0.09/turn               (no ring)

@: no status effects
A: fangs 1, strong nose, distributed training
a: no special abilities


You were on level 2 of the Dungeon.
You visited 1 branch of the dungeon, and saw 2 of its levels.

You collected 81 gold pieces.

Inventory:

Hand Weapons
 a - a +1 war axe (weapon)
 c - a +0 sling
Armour
 b - a +0 scale mail
 e - a +0 plate armour (worn)
 f - a +0 buckler (worn)
Potions
 d - a potion of might
 g - a potion of degeneration {unknown}
 h - 2 potions of flight {unknown}


   Skills:
 + Level 6.5 Fighting
 + Level 1.0 Short Blades
 + Level 1.0 Long Blades
 + Level 4.6 Axes
 + Level 1.0 Maces & Flails
 + Level 1.0 Polearms
 + Level 1.0 Staves
 + Level 1.0 Ranged Weapons
 + Level 1.0 Throwing
 + Level 6.5 Armour
 + Level 1.0 Dodging
 + Level 1.0 Stealth
 + Level 6.5 Shields
 + Level 1.0 Unarmed Combat
 + Level 1.0 Spellcasting
 + Level 0.7 Conjurations
 + Level 0.7 Hexes
 + Level 0.7 Summonings
 + Level 0.7 Necromancy
 + Level 0.7 Translocations
 + Level 0.7 Transmutations
 + Level 0.7 Fire Magic
 + Level 0.7 Ice Magic
 + Level 0.7 Air Magic
 + Level 0.7 Earth Magic
 + Level 0.7 Poison Magic
 + Level 1.0 Invocations
 + Level 1.0 Evocations


You had 4 spell levels left.
You didn't know any spells.
Your spell library was empty.

Dungeon Overview and Level Annotations

Branches:
Dungeon (2/15)

Altars:

Annotations:
D:2 Natasha


Innate Abilities, Weirdness & Mutations

You have very sharp teeth.
Your uncanny sense of smell can sniff out nearby items.
Your experience applies equally to all skills.


Message History

The white imp barely misses you.
You barely miss the white imp.
The shadow imp picks up a beetle and eats it.
The white imp hits you. The white imp freezes you.
You closely miss the white imp.
The white imp hits you but does no damage.
You barely miss the white imp. You bite the white imp.
The white imp is lightly wounded.
The white imp hits you but does no damage.
The white imp completely misses you.
You completely miss the white imp.
The white imp is lightly wounded.
The white imp gestures at you.
The puff of frost hits you but does no damage.
You hit the white imp.
The white imp is severely wounded.
The white imp hits you but does no damage.
You hit the white imp.
The white imp is almost dead.
The white imp gestures at you. The puff of frost hits you!
* * * LOW HITPOINT WARNING * * *
Unknown command.
You slash the white imp!
You kill the white imp!
The white imp disappears in a puff of smoke!
Natasha casts a spell at you. You resist with significant effort.
Unknown command.
You miss Natasha. Natasha claws you but does no damage.
You completely miss Natasha. Natasha claws you but does no damage.
You hit Natasha but do no damage. Natasha claws you.
* * * LOW HITPOINT WARNING * * *
You block Natasha's attack.
You hit Natasha.
Natasha is moderately wounded.
Natasha howls an incantation.
Natasha glows brightly for a moment.
Natasha claws you.
You die...

#. #h #5 # #5 # #. # ...
#. # #.# #.######### #
#.# #5h@......# # #>#
#########.# # #.# #.# ##
#.# #.# .# #.# #.#
.####.################.#
..†....................#
##.....##.#####.########
##..##........#.#


You could see Natasha and a shadow imp (summoned).

Vanquished Creatures
  A gnoll (D:1)
  A worm (D:2)
  3 ball pythons
  4 endoplasms (D:2)
  2 giant cockroaches
  3 goblins (D:1)
  4 hobgoblins (D:1)
  2 kobolds (D:2)
  3 quokkas
  4 bats (D:1)
  2 frilled lizards (D:2)
  3 rats
32 creatures vanquished.

Notes
Turn   | Place    | Note
-------+----------+-------------------------------------------
     0 | D:1      | Renzlar the Gnoll Fighter began the quest for the Orb.
     0 | D:1      | Reached XP level 1. HP: 23/23 MP: 1/1
   397 | D:1      | Reached XP level 2. HP: 29/29 MP: 2/2
   862 | D:1      | Found a faded altar of an unknown god.
  1028 | D:1      | Reached XP level 3. HP: 35/35 MP: 2/4
  1345 | D:2      | Reached skill level 1 in Invocations
  1593 | D:2      | Reached skill level 1 in Short Blades
  1593 | D:2      | Reached skill level 1 in Long Blades
  1593 | D:2      | Reached skill level 1 in Maces & Flails
  1593 | D:2      | Reached skill level 1 in Polearms
  1593 | D:2      | Reached skill level 1 in Staves
  1593 | D:2      | Reached skill level 1 in Ranged Weapons
  1593 | D:2      | Reached skill level 1 in Throwing
  1593 | D:2      | Reached skill level 1 in Dodging
  1593 | D:2      | Reached skill level 1 in Stealth
  1593 | D:2      | Reached skill level 1 in Unarmed Combat
  1593 | D:2      | Reached skill level 1 in Spellcasting
  1593 | D:2      | Reached skill level 1 in Evocations
  1774 | D:2      | Noticed Natasha
  1791 | D:2      | Slain by Natasha

Illustrated notes

Levels and vault maps discovered:
D:1:      minmay_arrival_checkered_box, layout_basic,
          shapermc_ecumenical_altar_mp_vishouse, nicolae_grassy_gnolls
D:2:      layout_loops_ring, kennysheep_nub, uniq_natasha

Skill      XL: |  1  2  3 |
---------------+----------+-----
Invocations    | 1 |  1.0
Short Blades   | 1 |  1.0
Long Blades    | 1 |  1.0
Maces & Flails | 1 |  1.0
Polearms       | 1 |  1.0
Staves         | 1 |  1.0
Ranged Weapons | 1 |  1.0
Throwing       | 1 |  1.0
Dodging        | 1 |  1.0
Stealth        | 1 |  1.0
Unarmed Combat | 1 |  1.0
Spellcasting   | 1 |  1.0
Evocations     | 1 |  1.0
Fighting       | |  6.5
Axes           | |  4.6
Armour         | |  6.5
Shields        | |  6.5
Conjurations   | |  0.7
Hexes          | |  0.7
Summonings     | |  0.7
Necromancy     | |  0.7
Translocations | |  0.7
Transmutations | |  0.7
Fire Magic     | |  0.7
Ice Magic      | |  0.7
Air Magic      | |  0.7
Earth Magic    | |  0.7
Poison Magic   | |  0.7

Action                   || total
-------------------------++-------
Melee: War axe           ||    79
       Bite              ||     9
 Fire: Sling             ||    29
  Use: Scroll            ||     3
Armor: Scale mail        ||    12
       Plate armour      ||    40
Dodge: Dodged            ||    35
Block: Buckler           ||    21
